 Dungeon Crawl Stone Soup version 0.19.5 (webtiles) character file.

277537 JeffiDaFish the Peltast (level 20, -4/131 HPs)
             Began as a Gargoyle Fighter on Dec 3, 2017.
             Was the Champion of Okawaru.
             Splashed by a lich's acid (16 damage)
             ... on level 2 of the Depths on Dec 6, 2017.
             The game lasted 02:06:11 (39505 turns).

JeffiDaFish the Peltast (Gargoyle Fighter)         Turns: 39505, Time: 02:06:11

Health: -4/131     AC: 51    Str: 26    XL:     20   Next: 40%
Magic:  25/25      EV: 21    Int: 10    God:    Okawaru [******]
Gold:   1546       SH: 18    Dex: 26    Spells: 1 memorised, 17 levels left

rFire  + + +     SeeInvis .     w - +8 mace of Dissolution {freeze, +Blink rElec}
rCold  . . .     Gourm    .     u - +7 crystal plate armour
rNeg   + . .     Faith    .     c - +1 shield
rPois  ∞         Spirit   .     k - +2 hat {MR+}
rElec  +         Reflect  .     O - +2 cloak
rCorr  .         Harm     .     n - +2 pair of gloves {Dex+3}
MR     +....     NoTele   +     o - +2 pair of boots of the Assassin {DetectMon Stab+ Stlth++}
Stlth  ..........               L - amulet of regeneration
                                T - ring "Huimotips" {-Tele rF+++ MR- Dex+4 Stlth+}
                                C - ring of Shaolin {EV+8}

@: corroded
A: big wings, thin skeletal structure 1, agile 1, low mp 1, negative energy
resistance 1, electricity resistance, strong 2, unbreathing, petrification
resistance, no device heal 1, rot immunity, AC +15
a: Fly, Heroism, Finesse, Renounce Religion, Evoke Blink
}: 2/15 runes: barnacled, gossamer


You were on level 2 of the Depths.
You worshipped Okawaru.
Okawaru was exalted by your worship.
You were not hungry.

You visited 7 branches of the dungeon, and saw 34 of its levels.
You also visited: Ice Cave and Wizlab.

You collected 3087 gold pieces.
You spent 1541 gold pieces at shops.

Inventory:

Hand Weapons
 w - the +8 mace of Dissolution (weapon) {freeze, +Blink rElec}
   (You found it on level 6 of the Lair of Beasts)

   It has been specially enchanted to freeze those struck by it, causing extra
   injury to most foes and up to half again as much damage against particularly
   susceptible opponents.
   It can also slow down cold-blooded creatures.
   It insulates you from electricity.
   It lets you blink.
 M - a +7 eveningstar of draining
Armour
 c - a +1 shield (worn)
 k - a +2 hat of magic resistance (worn)
 n - a +2 pair of gloves of dexterity (worn)
 o - the +2 pair of boots of the Assassin (worn) {DetectMon Stab+ Stlth++}
   (You bought it in a shop on level 12 of the Dungeon)

   It makes you much more stealthy.
 u - a +7 crystal plate armour (worn)
 y - the +0 hat of Resilience {rF+ rN+ Int-4 Dex+2}
   (You found it in an ice cave)

   It affects your intelligence (-4).
   It affects your dexterity (+2).
   It protects you from fire.
   It protects you from negative energy.
 F - the +1 pair of gloves of Crawling {rC+ Slay+2}
   (You found it on level 3 of the Lair of Beasts)

   It affects your accuracy and damage with ranged weapons and melee attacks
   (+2).
   It protects you from cold.
 O - a +2 cloak (worn)
Jewellery
 v - an uncursed ring of protection from cold
 B - the ring of Ruoree {Dex+2 SInv}
   (You found it on level 14 of the Dungeon)

   [ring of see invisible]

   It affects your dexterity (+2).
   It lets you see invisible.
 C - the ring of Shaolin (left hand) {EV+8}
   (You found it on level 15 of the Dungeon)

   [ring of evasion]

   It affects your evasion (+8).
 L - an amulet of regeneration (around neck)
 T - the ring "Huimotips" (right hand) {-Tele rF+++ MR- Dex+4 Stlth+}
   (You found it on level 1 of the Depths)

   [ring of dexterity]

   It affects your dexterity (+4).
   It renders you almost immune to fire.
   It affects your resistance to hostile enchantments.
   It prevents most forms of teleportation.
   It makes you more stealthy.
Wands
 a - a wand of teleportation (8/9)
Scrolls
 e - 8 scrolls of teleportation
 l - 14 scrolls of remove curse
 q - 2 scrolls of summoning
 r - 10 scrolls of amnesia
 s - 7 scrolls of identify
 x - 5 scrolls of recharging
 A - 4 scrolls of magic mapping
 J - 3 scrolls of fog
 R - 2 scrolls of blinking
Potions
 b - 2 potions of agility
 d - 4 potions of might
 j - 4 potions of heal wounds
 m - a potion of ambrosia
 p - 2 potions of brilliance
 t - a potion of cancellation
 z - 5 potions of curing
 G - 5 potions of berserk rage
 K - 5 potions of haste
 N - 2 potions of cure mutation
 S - a potion of resistance
Books
 D - the Guide on Lightness
   (You found it in a wizard's laboratory)

   Spells                             Type                      Level
   a - Summon Lightning Spire         Summoning/Air                4
   b - Lightning Bolt                 Conjuration/Air              5
   c - Silence                        Hexes/Air                    5
   d - Tornado                        Air                          9
 P - the Grimoire of Evil Ice
   (You found it in an ice cave)

   Spells                             Type                      Level
   a - Animate Skeleton               Necromancy                   1
   b - Throw Frost                    Conjuration/Ice              2
   c - Ensorcelled Hibernation        Hexes/Ice                    2
   d - Corpse Rot                     Necromancy                   2
   e - Freezing Cloud                 Conjuration/Ice/Air          6
   f - Bolt of Cold                   Conjuration/Ice              6
 Q - the Catalogue of Weightlessness
   (You found it in a wizard's laboratory)

   Spells                             Type                      Level
   a - Repel Missiles                 Charms/Air                   2
   b - Swiftness                      Charms/Air                   2
   c - Mephitic Cloud                 Conjuration/Poison/Air       3
   d - Static Discharge               Conjuration/Air              3
   e - Conjure Ball Lightning         Conjuration/Air              6
   f - Tornado                        Air                          9
Comestibles
 f - 15 bread rations
 g - 24 fruits
 h - 12 meat rations
 i - 6 beef jerkies
 E - 15 slices of pizza
 H - 6 chunks of flesh
 I - 13 royal jellies


   Skills:
 * Level 16.1 Fighting
 * Level 17.4 Maces & Flails
 * Level 16.7 Armour
 + Level 9.7 Dodging
 - Level 1.6 Stealth
 * Level 18.8 Shields
 - Level 0.2 Unarmed Combat
 + Level 11.1 Invocations
 - Level 0.5 Evocations


You had 17 spell levels left.
You knew the following spells:

 Your Spells              Type           Power        Failure   Level  Hunger
a - Blink                 Tloc           N/A          100%        2    ###....


Dungeon Overview and Level Annotations

Branches:
Dungeon (15/15)            Temple (1/1) D:5            Lair (6/6) D:9
 Shoals (4/4) Lair:4       Spider (4/4) Lair:2        Slime (0/5) Lair:5
    Orc (2/2) D:9             Elf (0/3) Orc:2        Vaults (0/5) D:13
 Depths (2/5) D:15

Altars:
Ashenzari
Dithmenos
Fedhas
Gozag
Hepliaklqana
Okawaru
Qazlal
Ru
Sif Muna
Vehumet
Zin
The Shining One
Beogh
Jiyva

Shops:
D:4 !   D:8 (   D:12 *   D:13 *   D:15 }   Orc:2 [!*?   Shoals:3 :

Portals:
Hell: Depths:1


Innate Abilities, Weirdness & Mutations

You are resistant to torment.
Your stone body is resilient. (AC +15)
You are immune to poison.
Your large and strong wings let you fly indefinitely.
You resist negative energy. (rN+)
You are resistant to electric shocks. (rElec)
You can survive without breathing.
You are immune to petrification.
You are immune to rotting.
You have a somewhat thin skeletal structure. (Dex +2, Stealth)
You are agile. (Dex +2)
Your magical capacity is low. (-10% MP)
Your muscles are very strong. (Str +4)
Potions and wands are less effective at restoring your health.


Message History

The lich is almost destroyed.
The lich touches you but does no damage.
Unknown command.
You hit the lich but do no damage.
The lich is severely damaged.
You block the lich's attack.
Unknown command.
You hit the lich but do no damage.
The lich is severely damaged.
The lich touches you but does no damage.
The yaktaur wields an arbalest.
The yaktaur shoots a bolt.
The bolt closely misses you.
Unknown command.
You hit the lich but do no damage.
The lich is severely damaged.
The lich gestures at you while chanting.
The bolt of acid hits you!
* * * LOW HITPOINT WARNING * * *
The acid corrodes you!
You are splashed with acid!
The acid burns!
You die...

###+###.......#
#....<.^......+
#....##.......#
#...c...#...###
#.......###.#
###.........#
##..#..####
##.#..# #@...#
##.?.DL#.)##
.......#(.#
.......#..#
.......#..#
.......#..#
....#..#..#
...##..#...
#...


You could see a fire dragon, a lich and a yaktaur.

Vanquished Creatures
  Bai Suzhen (Spider:3)
  A Cloud Mage (WizLab)
  An Ice Fiend (IceCv)
  Rupert (Spider:1)
  Asterion (Spider:1)
  The ghost of JeffiDaFish the Peltast, an adept GrFi of Okawaru (Spider:4)
  Kirke (D:12)
  Ilsuiw (Shoals:4)
  Roxanne (D:15)
  3 orc warlords
  4 frost giants
  5 emperor scorpions
  7 ghost moths
  A stone giant (Orc:1)
  An entropy weaver (Spider:3)
  2 spark wasps (Spider:4)
  3 ettins
  4 merfolk javelineers
  4 fire dragons
  7 merfolk impalers
  Erolcha (Orc:1)
  Harold (Lair:4)
  A great orb of eyes (Depths:2)
  5 spriggan air magi
  8 vault guards (D:13)
  10 hydras
  2 ice dragons
  A death knight (D:12)
  9 merfolk avatars
  An alligator snapping turtle (Shoals:1)
  A deep troll shaman (Depths:1)
  2 ogre magi
  4 centaur warriors
  7 merfolk aquamancers
  A deep troll earth mage (Depths:1)
  3 death yaks (Lair:6)
  7 orc high priests
  7 satyrs
  4 skeletal warriors (D:13)
  3 unseen horrors
  10 sea snakes
  5 deep trolls (Depths:1)
  An iron troll (Depths:1)
  A glowing orange brain (D:15)
  10 hill giants
  A lindwurm (Lair:6)
  11 orc knights
  Pikel (D:4)
  2 wizards
  10 harpies
  14 ugly things
  4 orc sorcerers (Orc:2)
  24 wolf spiders
  16 manticores
  18 fauns
  7 deep elf magi
  16 orb spiders
  6 cyclopes
  Maurice (Orc:1)
  2 centaur zombies (D:14)
  A moth of wrath (Spider:2)
  3 elephants (Lair:6)
  5 water nymphs
  15 sirens
  Joseph (D:9)
  3 black mambas
  A torpor snail (Spider:4)
  9 spiny frogs
  5 spectral swamp worms (Depths:1)
  2 gargoyles
  12 rime drakes
  5 komodo dragons
  3 freezing wraiths (Shoals:1)
  A yaktaur (Shoals:2)
  An anaconda simulacrum (IceCv)
  2 efreet
  17 demonic crawlers
  6 meliai
  A tengu conjurer (D:11)
  7 ice devils (IceCv)
  A jumping spider (shapeshifter) (Depths:2)
  30 merfolk
  12 polar bears
  A polar bear (shapeshifter) (D:15)
  13 trolls
  A raiju (shapeshifter) (D:15)
  2 wolf spider simulacra (IceCv)
  29 jumping spiders
  19 wind drakes
  7 hornets
  5 two-headed ogres
  Grinder (D:4)
  3 raiju (Lair:6)
  14 blink frogs
  Prince Ribbit (D:5)
  10 snapping turtles
  21 hippogriffs
  A dream sheep (shapeshifter) (D:15)
  7 dream sheep (Shoals:3)
  17 slime creatures
  Sigmund (D:2)
  41 air elementals
  3 centaur simulacra
  A spriggan (shapeshifter) (D:15)
  12 water elementals
  64 redbacks
  37 tarantellas
  9 wyverns
  3 dire elephant simulacra (IceCv)
  5 shadows
  56 yaks
  A human (D:7)
  11 basilisks
  A vampire (D:12)
  3 hogs (D:7)
  A wraith (D:14)
  2 death yak simulacra (IceCv)
  2 steam dragons (Lair:6)
  5 hungry ghosts
  10 wargs
  5 vampire mosquitoes
  2 iron troll simulacra (IceCv)
  10 insubstantial wisps (WizLab)
  5 harpy simulacra (IceCv)
  2 mottled dragons
  7 hell hounds (Lair:6)
  8 water moccasins
  3 hydra simulacra (IceCv)
  8 porcupines
  2 swamp drakes (Lair:6)
  A hornet zombie (D:10)
  16 black bears
  An ettin simulacrum (IceCv)
  47 orc warriors
  2 sky beasts
  2 ice beasts
  2 slaves (D:4)
  3 phantoms
  An eye of draining (D:11)
  A necrophage (D:14)
  10 wolves (Lair:6)
  22 ogres
  18 centaurs
  19 crocodiles
  3 big kobolds (D:9)
  19 bullfrogs
  2 wyvern zombies
  6 gnoll sergeants (D:9)
  2 wyvern skeletons (D:14)
  4 scorpions
  61 killer bees
  A swamp dragon simulacrum (IceCv)
  2 electric eels (Spider:4)
  13 wights
  2 howler monkeys (D:5)
  8 crimson imps
  2 draconian simulacra (IceCv)
  27 hounds
  3 quasits
  23 orc priests
  A bullfrog skeleton (D:4)
  A gnoll shaman (D:7)
  7 jellies
  18 orc wizards
  6 centaur skeletons
  7 iguanas
  4 troll simulacra (IceCv)
  14 worker ants
  A polar bear simulacrum (IceCv)
  A wolf simulacrum (IceCv)
  A howler monkey zombie (D:6)
  10 adders
  7 gnolls
  2 naga simulacra (IceCv)
  8 shadow imps
  5 white imps (IceCv)
  5 ufetubi (IceCv)
  2 oozes
  An adder skeleton (D:4)
  2 adder zombies
  4 worms
  A dart slug (D:2)
  6 leopard geckos
  107 orcs
  8 giant cockroaches
  9 goblins
  10 hobgoblins
  14 jackals
  A quokka (D:10)
  4 ball pythons
  A ball python zombie (D:6)
  10 bats
  5 frilled lizards
  A jackal skeleton (D:4)
  A jackal zombie (D:6)
  14 kobolds
  A quokka skeleton (D:6)
  10 rats
  A bush (Shoals:2)
  A fungus (Lair:6)
  2 plants (Shoals:4)
1540 creatures vanquished.

Vanquished Creatures (collateral kills)
  A phantom (D:8)
  A hound (D:8)
2 creatures vanquished.

Vanquished Creatures (others)
  A harpy (Shoals:4)
  A faun (Shoals:3)
  A water nymph (Shoals:4)
  2 redbacks (Spider:3)
  An insubstantial wisp (WizLab)
  A bullfrog (D:12)
  2 hounds
  An adder (D:4)
  A white imp (IceCv)
  A dart slug (D:4)
  A bush (Shoals:2)
  9 fungi
  39 plants
61 creatures vanquished.

Grand Total: 1603 creatures vanquished

Notes
Turn   | Place    | Note
-------+----------+-------------------------------------------
     0 | D:1      | JeffiDaFish the Gargoyle Fighter began the quest for the Orb.
     0 | D:1      | Reached XP level 1. HP: 14/14 MP: 1/1
    64 | D:1      | Reached XP level 2. HP: 12/19 MP: 2/2
   805 | D:1      | Reached XP level 3. HP: 20/23 MP: 3/3
  1251 | D:2      | Noticed Sigmund
  1286 | D:2      | Killed Sigmund
  1286 | D:2      | Reached skill level 1 in Dodging
  1286 | D:2      | Reached skill level 5 in Shields
  1286 | D:2      | Reached XP level 4. HP: 19/28 MP: 4/4
  1286 | D:2      | Reached XP level 5. HP: 22/32 MP: 5/5
  1315 | D:2      | Found a glowing golden altar of the Shining One.
  1672 | D:2      | Reached XP level 6. HP: 37/37 MP: 6/6
  1725 | D:2      | Found a stormy altar of Qazlal.
  2653 | D:4      | Noticed Grinder
  2689 | D:4      | Reached XP level 7. HP: 13/42 MP: 7/7
  2702 | D:4      | Killed Grinder
  3130 | D:4      | Reached skill level 6 in Shields
  3135 | D:4      | Reached skill level 5 in Maces & Flails
  3148 | D:4      | Noticed Pikel
  3188 | D:4      | Reached skill level 5 in Armour
  3230 | D:4      | Killed Pikel
  3230 | D:4      | Reached XP level 8. HP: 9/48 MP: 8/8
  3513 | D:4      | Found Uninayr's Distillery.
  3516 | D:4      | Bought a potion of heal wounds for 70 gold pieces
  3516 | D:4      | Bought a potion of heal wounds for 70 gold pieces
  3864 | D:5      | Entered Level 5 of the Dungeon
  3868 | D:5      | Noticed Prince Ribbit
  3880 | D:5      | Killed Prince Ribbit
  4028 | D:5      | Found a staircase to the Ecumenical Temple.
  4054 | Temple   | Entered the Ecumenical Temple
  4067 | Temple   | Became a worshipper of Warmaster Okawaru
  4225 | D:5      | Reached skill level 7 in Shields
  4228 | D:5      | Reached XP level 9. HP: 45/52 MP: 9/9
  4534 | D:5      | Gained mutation: You are agile. (Dex +2) [potion of mutation]
  4534 | D:5      | Gained mutation: Potions and wands are less effective at restoring your health. [potion of mutation]
  4534 | D:5      | Gained mutation: Your magical capacity is low. (-10% MP) [potion of mutation]
  4716 | D:6      | Reached skill level 1 in Stealth
  5036 | D:6      | Reached skill level 5 in Fighting
  5054 | D:6      | Reached * piety under Okawaru
  5648 | D:7      | Reached skill level 8 in Shields
  5929 | D:7      | Reached ** piety under Okawaru
  6026 | D:7      | Found a deep blue altar of Sif Muna.
  6026 | D:7      | Found a hazy altar of Hepliaklqana.
  6248 | D:7      | Reached XP level 10. HP: 55/59 MP: 9/9
  6257 | D:7      | Reached skill level 9 in Shields
  6433 | D:8      | Reached *** piety under Okawaru
  6870 | D:8      | Found Riutealec's Antique Weapon Boutique.
  6931 | D:9      | Noticed Joseph
  7181 | D:9      | Reached skill level 10 in Shields
  7188 | D:9      | Killed Joseph
  7188 | D:9      | Reached **** piety under Okawaru
  7256 | D:9      | Found a staircase to the Orcish Mines.
  7314 | D:9      | Reached ***** piety under Okawaru
  7314 | D:9      | Reached XP level 11. HP: 22/65 MP: 9/9
  7543 | D:9      | Found a staircase to the Lair.
  7603 | D:9      | Reached skill level 11 in Shields
  7634 | D:9      | Reached skill level 10 in Maces & Flails
  7637 | D:9      | Received a gift from Okawaru
  7689 | D:9      | Found a blossoming altar of Fedhas.
  7806 | D:9      | Found a glowing silver altar of Zin.
  7829 | Lair:1   | Entered Level 1 of the Lair of Beasts
  8710 | Lair:1   | You fall through a shaft!
  8934 | Lair:2   | Reached skill level 12 in Shields
  8997 | Lair:2   | Found a hole to the Spider Nest.
  9234 | Lair:2   | Received a gift from Okawaru
  9261 | Lair:2   | Identified the +9 dire flail of Weimius {pain, +Inv} (Okawaru gifted it to you on level 2 of the Lair of Beasts)
  9887 | Lair:2   | Reached XP level 12. HP: 72/72 MP: 10/10
 10330 | Lair:3   | Reached skill level 13 in Shields
 10344 | Lair:3   | Gained mutation: You have a somewhat thin skeletal structure. (Dex +2, Stealth) [potion of beneficial mutation]
 10592 | Lair:3   | Received a gift from Okawaru
 10595 | Lair:3   | Got an encrusted eveningstar {god gift}
 10596 | Lair:3   | Identified the +9 eveningstar of the Eleven Mice {venom, +Blink rElec rF- Dex-3} (Okawaru gifted it to you on level 3 of the Lair of Beasts)
 10625 | Lair:3   | Got a pair of scorched gloves
 10631 | Lair:3   | Identified the +1 pair of gloves "Ajaas" {rPois rC- rCorr Stlth+} (You found it on level 3 of the Lair of Beasts)
 10654 | Lair:3   | Got a pair of pitted gloves
 10660 | Lair:3   | Identified the +1 pair of gloves of Crawling {rC+ Slay+2} (You found it on level 3 of the Lair of Beasts)
 11486 | Lair:4   | Found a staircase to the Shoals.
 11817 | Lair:4   | Noticed a seven-headed hydra
 11849 | Lair:4   | Killed a seven-headed hydra
 11849 | Lair:4   | Reached ****** piety under Okawaru
 11852 | Lair:4   | Reached skill level 1 in Invocations
 11859 | Lair:4   | Received a gift from Okawaru
 11955 | Lair:4   | Reached XP level 13. HP: 63/79 MP: 13/13
 12138 | Lair:4   | Noticed Harold
 12161 | Lair:4   | Reached skill level 14 in Shields
 12164 | Lair:4   | Reached skill level 5 in Dodging
 12172 | Lair:4   | Killed Harold
 13026 | Lair:5   | Reached skill level 10 in Armour
 13089 | Lair:5   | Found a staircase to the Slime Pits.
 13089 | Lair:5   | Found a viscous altar of Jiyva.
 13700 | Lair:6   | Entered Level 6 of the Lair of Beasts
 13987 | Lair:6   | Received a gift from Okawaru
 14037 | Lair:6   | Identified the +8 mace of Dissolution {freeze, +Blink rElec} (You found it on level 6 of the Lair of Beasts)
 14658 | Lair:6   | Gained mutation: Your large and strong wings let you fly indefinitely. [Gargoyle growth]
 14658 | Lair:6   | Reached XP level 14. HP: 87/87 MP: 15/15
 14963 | Lair:6   | Reached skill level 10 in Fighting
 15294 | Lair:6   | Received a gift from Okawaru
 15294 | Lair:6   | Reached skill level 15 in Shields
 16280 | D:10     | Entered Level 10 of the Dungeon
 17030 | D:11     | Reached skill level 5 in Invocations
 18015 | D:12     | Received a gift from Okawaru
 18167 | D:12     | Noticed Kirke
 18178 | D:12     | Killed Kirke
 18178 | D:12     | Reached XP level 15. HP: 81/94 MP: 15/17
 18232 | D:12     | Gained mutation: Your muscles are strong. (Str +2) [potion of beneficial mutation]
 18340 | D:12     | Found Ynizemyu's General Store.
 18348 | D:12     | Bought the +2 pair of boots of the Assassin {DetectMon Stab+ Stlth++} for 379 gold pieces
 18575 | D:13     | Found Ufewke's Changing Room.
 19016 | D:13     | Bought a potion of beneficial mutation for 560 gold pieces
 19016 | D:13     | Gained mutation: Your muscles are very strong. (Str +4) [potion of beneficial mutation]
 19120 | D:13     | Found a gate to the Vaults.
 19604 | D:13     | Found a sacrificial altar of Ru.
 19658 | D:13     | Identified the +7 mace of Yseimaf {protect, +Blink Int+4} (You found it on level 13 of the Dungeon)
 20467 | D:14     | Received a gift from Okawaru
 20480 | D:14     | Noticed a frost giant
 20499 | D:14     | Killed a frost giant
 20499 | D:14     | Reached skill level 16 in Shields
 21546 | D:14     | Received a gift from Okawaru
 21644 | D:14     | Reached XP level 16. HP: 71/101 MP: 11/18
 22390 | D:14     | Got a brightly glowing ivory ring
 22392 | D:14     | Identified the ring of Ruoree {Dex+2 SInv} (You found it on level 14 of the Dungeon)
 22523 | D:15     | Entered Level 15 of the Dungeon
 22566 | D:15     | Identified a scroll of acquirement
 22591 | D:15     | Found Den Samn's Gadget Shoppe.
 22771 | D:15     | Noticed Roxanne
 23075 | D:15     | Found a shadowy altar of Dithmenos.
 23314 | D:15     | Received a gift from Okawaru
 23511 | D:15     | Found a staircase to the Depths.
 23739 | D:15     | Killed Roxanne
 23740 | D:15     | Identified Roxanne's Tome of Changing (You took it off Roxanne on level 15 of the Dungeon)
 23948 | Orc:1    | Entered Level 1 of the Orcish Mines
 24022 | Orc:1    | Noticed Maurice
 24037 | Orc:1    | Killed Maurice
 24120 | Orc:1    | Noticed Erolcha
 24151 | Orc:1    | Paralysed by Erolcha for 2 turns
 24154 | Orc:1    | Killed Erolcha
 24322 | Orc:2    | Entered Level 2 of the Orcish Mines
 24925 | Orc:2    | Found a staircase to the Elven Halls.
 24995 | Orc:2    | Paralysed by an orc sorcerer for 4 turns
 25132 | Orc:2    | Found Karhoss's Distillery.
 25458 | Orc:2    | Found a roughly hewn altar of Beogh.
 25476 | Orc:2    | Found Giwopp's Antique Armour Shop.
 25780 | Orc:2    | Reached skill level 15 in Maces & Flails
 25966 | Orc:2    | Found a roughly hewn altar of Beogh.
 26060 | Orc:2    | Received a gift from Okawaru
 26127 | Orc:2    | Found Utwurot's General Store.
 26141 | Orc:2    | Bought a scroll of enchant weapon for 112 gold pieces
 26148 | Orc:2    | Found Ehuda's Magic Scroll Shop.
 26183 | Orc:2    | Bought a scroll of enchant weapon for 90 gold pieces
 26204 | Orc:2    | Reached XP level 17. HP: 108/108 MP: 20/20
 26376 | Spider:1 | Entered Level 1 of the Spider Nest
 26388 | Spider:1 | Noticed Rupert
 26406 | Spider:1 | Killed Rupert
 26540 | Spider:1 | Noticed Asterion
 26577 | Spider:1 | Killed Asterion
 27242 | Spider:1 | Reached skill level 17 in Shields
 29461 | Spider:3 | Received a gift from Okawaru
 29630 | Spider:4 | Entered Level 4 of the Spider Nest
 29630 | Spider:4 | Noticed Bai Suzhen
 29706 | Spider:3 | Killed Bai Suzhen
 29970 | Spider:4 | Reached XP level 18. HP: 116/116 MP: 19/22
 30516 | Spider:4 | Noticed JeffiDaFish's ghost (adept GrFi)
 30564 | Spider:4 | Killed JeffiDaFish's ghost
 30564 | Spider:4 | Reached skill level 15 in Armour
 30925 | Spider:4 | Received a gift from Okawaru
 31124 | Spider:4 | Got a gossamer rune of Zot
 31529 | Shoals:1 | Entered Level 1 of the Shoals
 31829 | Shoals:1 | Received a gift from Okawaru
 32087 | Shoals:1 | Found a frozen archway.
 32129 | IceCv    | Entered an ice cave
 32603 | IceCv    | Noticed an Ice Fiend
 32683 | IceCv    | Killed an Ice Fiend
 32848 | IceCv    | Got an encrusted hat
 32859 | IceCv    | Identified the cursed +0 hat of Resilience {rF+ rN+ Int-4 Dex+2} (You found it in an ice cave)
 32859 | IceCv    | Identified the Grimoire of Evil Ice
 33125 | Shoals:1 | Reached skill level 18 in Shields
 33674 | Shoals:2 | Received a gift from Okawaru
 33774 | Shoals:2 | Reached XP level 19. HP: 123/123 MP: 23/23
 33806 | Shoals:2 | Reached skill level 10 in Invocations
 33819 | Shoals:2 | Received a gift from Okawaru
 34581 | Shoals:2 | Reached skill level 15 in Fighting
 35377 | Shoals:3 | Found Nouhel's Book Shoppe.
 35386 | Shoals:3 | Bought a book of Minor Magic for 260 gold pieces
 35389 | Shoals:3 | Learned a level 2 spell: Blink
 35679 | Shoals:4 | Entered Level 4 of the Shoals
 35964 | Shoals:4 | Received a gift from Okawaru
 36202 | Shoals:4 | Noticed Ilsuiw
 36306 | Shoals:4 | Killed Ilsuiw
 36561 | Shoals:4 | Got a barnacled rune of Zot
 37253 | Depths:1 | Entered Level 1 of the Depths
 37259 | Depths:1 | Found a shattered altar of Ashenzari.
 37308 | Depths:1 | Found a gateway to Hell.
 37438 | Depths:1 | Found a magical portal.
 37447 | WizLab   | Entered The Chambers of the Cloud Mage
 37466 | WizLab   | Received a gift from Okawaru
 37969 | WizLab   | Noticed Muast
 37978 | WizLab   | Reached XP level 20. HP: 129/131 MP: 25/25
 37997 | WizLab   | Killed Muast the Cloud Mage
 38051 | WizLab   | Identified the Guide on Lightness
 38064 | WizLab   | Identified the Catalogue of Weightlessness
 38748 | Depths:1 | Got a faintly glowing golden ring
 38750 | Depths:1 | Identified the ring "Huimotips" {-Tele rF+++ MR- Dex+4 Stlth+} (You found it on level 1 of the Depths)
 38758 | Depths:1 | Identified Sif Muna's Papyrus of Creative Snow
 39025 | Depths:1 | Received a gift from Okawaru
 39505 | Depths:2 | Splashed by a lich's acid

Skill      XL: |  1  2  3  4  5  6  7  8  9 10 11 12 13 14 15 16 17 18 19 20 |
---------------+-------------------------------------------------------------+-----
Maces & Flails | 3 4 6 7 8 9 10 11 12 13 14 15 16 17 | 17.4
Armour         | 4 5 6 7 8 9 10 11 12 13 14 15 16 | 16.7
Dodging        | 1 2 3 4 5 6 7 8 9 |  9.7
Shields        | 5 6 7 8 10 12 13 14 15 16 17 18 | 18.8
Fighting       | 4 5 6 7 8 9 11 12 13 14 15 16 | 16.1
Stealth        | 1 |  1.6
Invocations    | 2 3 5 6 7 8 9 10 11 | 11.1
Unarmed Combat | |  0.2
Evocations     | |  0.5

Action                   |  1- 3 |  4- 6 |  7- 9 | 10-12 | 13-15 | 16-18 | 19-21 || total
-------------------------+-------+-------+-------+-------+-------+-------+-------++-------
Melee: Flail             |   144 |   213 |    94 |       |       |       |       ||   451
       Unarmed           |    10 |       |       |       |       |       |       ||    10
       Whip              |       |       |   295 |  1121 |   279 |       |       ||  1695
       Mace              |       |       |       |       |  1601 |  3119 |  1733 ||  6453
       Eveningstar       |       |       |       |       |       |     2 |       ||     2
Invok: Finesse           |       |       |       |       |     3 |     8 |     6 ||    17
 Abil: Fly               |       |       |       |       |     1 |       |     1 ||     2
       Evoke Blink       |       |       |       |       |       |     1 |       ||     1
       Stop Flying       |       |       |       |       |       |       |     2 ||     2
Evoke: Wand              |       |       |       |       |       |     5 |       ||     5
  Use: Potion            |     7 |     2 |     6 |     4 |     5 |    13 |     1 ||    38
       Scroll            |     5 |     3 |    10 |     8 |    20 |    19 |     3 ||    68
 Stab: Held in net/web   |       |       |       |     1 |       |       |       ||     1
       Distracted        |       |       |       |       |     1 |       |       ||     1
  Eat: Chunk             |     2 |     5 |    12 |    17 |    36 |    41 |    21 ||   134
       Bread ration      |       |       |       |     1 |       |       |       ||     1
       Royal jelly       |       |       |       |       |       |     1 |       ||     1
Armor: Scale mail        |    75 |    36 |       |       |       |       |       ||   111
       Skin              |     4 |       |       |       |       |       |       ||     4
       Chain mail        |       |    91 |   145 |   400 |       |       |       ||   636
       Plate armour      |       |       |       |    75 |    76 |       |       ||   151
       Crystal plate arm |       |       |       |       |   927 |  1455 |   570 ||  2952
Dodge: Dodged            |    60 |    64 |    86 |   315 |   360 |  1782 |   816 ||  3483
Block: Shield            |    94 |   121 |   228 |   754 |  1275 |  2924 |  1351 ||  6747
